Workbook

Sheet RawData
A1: Date | B1: Region | C1: Category | D1: Product | E1: Sales | F1: Orders | G1: Cost | H1: Margin
A2: 2026-04-13 | B2: South | C2: Office Supplies | D2: Stapler Pro | E2: 32755.21 | F2: 20 | G2: 15606.61 | H2: 0.5235
A3: 2026-03-04 | B3: West | C3: Electronics | D3: Wireless Mouse | E3: 49642.6 | F3: 10 | G3: 20373.31 | H3: 0.5896
A4: 2026-06-20 | B4: West | C4: Furniture | D4: Bookshelf | E4: 48233.05 | F4: 8 | G4: 28238.58 | H4: 0.4145
A5: 2026-07-16 | B5: South | C5: Electronics | D5: Laptop Pro | E5: 43500.25 | F5: 3 | G5: 28150.17 | H5: 0.3529
A6: 2026-03-14 | B6: West | C6: Furniture | D6: Ergo Chair | E6: 38327.6 | F6: 19 | G6: 22184.84 | H6: 0.4212
A7: 2026-01-07 | B7: North | C7: Electronics | D7: Laptop Pro | E7: 17898.65 | F7: 13 | G7: 7626.91 | H7: 0.5739
A8: 2026-04-26 | B8: North | C8: Furniture | D8: Standing Desk | E8: 34319.93 | F8: 4 | G8: 16652.79 | H8: 0.5148
A9: 2026-04-21 | B9: East | C9: Office Supplies | D9: Notebook Set | E9: 28838.59 | F9: 9 | G9: 16098.05 | H9: 0.4418
A10: 2026-04-18 | B10: North | C10: Office Supplies | D10: Ink Cartridge | E10: 44769.22 | F10: 5 | G10: 29528.91 | H10: 0.3404
A11: 2026-07-17 | B11: South | C11: Electronics | D11: Laptop Pro | E11: 23417.13 | F11: 4 | G11: 10174.29 | H11: 0.5655
A12: 2026-07-05 | B12: West | C12: Electronics | D12: Monitor 4K | E12: 14561.77 | F12: 9 | G12: 9949.83 | H12: 0.3167
A13: 2026-06-08 | B13: North | C13: Electronics | D13: Wireless Mouse | E13: 27868.76 | F13: 13 | G13: 17060.66 | H13: 0.3878
... A501: 2026-06-16 | B501: East | C501: Electronics | D501: Wireless Mouse | E501: 20234.07 | F501: 15 | G501: 9488.14 | H501: 0.5311

Sheet Calculations
A1: Region | B1: Total Sales | C1: Total Orders | D1: Total Cost | E1: Avg Margin
A2: East | B2: =SUMIFS(RawData!E:E,RawData!B:B,A2) | C2: =SUMIFS(RawData!F:F,RawData!B:B,A2) | D2: =SUMIFS(RawData!G:G,RawData!B:B,A2) | E2: =IFERROR((B2-C2)/B2,0)
A3: West | B3: =SUMIFS(RawData!E:E,RawData!B:B,A3) | C3: =SUMIFS(RawData!F:F,RawData!B:B,A3) | D3: =SUMIFS(RawData!G:G,RawData!B:B,A3) | E3: =IFERROR((B3-C3)/B3,0)
A4: North | B4: =SUMIFS(RawData!E:E,RawData!B:B,A4) | C4: =SUMIFS(RawData!F:F,RawData!B:B,A4) | D4: =SUMIFS(RawData!G:G,RawData!B:B,A4) | E4: =IFERROR((B4-C4)/B4,0)
A5: South | B5: =SUMIFS(RawData!E:E,RawData!B:B,A5) | C5: =SUMIFS(RawData!F:F,RawData!B:B,A5) | D5: =SUMIFS(RawData!G:G,RawData!B:B,A5) | E5: =IFERROR((B5-C5)/B5,0)
A8: Month | B8: Monthly Sales
A9: Jan | B9: =SUMIFS(RawData!E:E,RawData!A:A,"2026-01-*")
A10: Feb | B10: =SUMIFS(RawData!E:E,RawData!A:A,"2026-02-*")
A11: Mar | B11: =SUMIFS(RawData!E:E,RawData!A:A,"2026-03-*")
A12: Apr | B12: =SUMIFS(RawData!E:E,RawData!A:A,"2026-04-*")
A13: May | B13: =SUMIFS(RawData!E:E,RawData!A:A,"2026-05-*")
A14: Jun | B14: =SUMIFS(RawData!E:E,RawData!A:A,"2026-06-*")
A15: Jul | B15: =SUMIFS(RawData!E:E,RawData!A:A,"2026-07-*")
A18: Category | B18: Category Sales
A19: Electronics | B19: =SUMIFS(RawData!E:E,RawData!C:C,A19)
A20: Furniture | B20: =SUMIFS(RawData!E:E,RawData!C:C,A20)
A21: Office Supplies | B21: =SUMIFS(RawData!E:E,RawData!C:C,A21)

Sheet Dashboard
A2: Total Revenue | D2: Total Orders | G2: Avg Margin | J2: Total Cost | M2: East Sales | P2: Top Month
A3: =SUM(RawData!E:E) | D3: =SUM(RawData!F:F) | G3: =IFERROR((SUM(RawData!E:E)-SUM(RawData!G:G))/SUM(RawData!E:E),0) | J3: =SUM(RawData!G:G) | M3: =SUMIFS(RawData!E:E,RawData!B:B,"East") | P3: =INDEX(Calculations!A9:A15,MATCH(MAX(Calculations!B9:B15),Calculations!B9:B15,0))
A4: ▲ 12% vs LY | D4: ▲ 12% vs LY | G4: ▲ 12% vs LY | J4: ▲ 12% vs LY | M4: ▲ 12% vs LY | P4: ▲ 12% vs LY
A7: Region | B7: Total Sales | D7: Category | E7: Sales
A8: East | B8: =SUMIFS(RawData!E:E,RawData!B:B,A8) | D8: Electronics | E8: =SUMIFS(RawData!E:E,RawData!C:C,D8)
A9: West | B9: =SUMIFS(RawData!E:E,RawData!B:B,A9) | D9: Furniture | E9: =SUMIFS(RawData!E:E,RawData!C:C,D9)
A10: North | B10: =SUMIFS(RawData!E:E,RawData!B:B,A10) | D10: Office Supplies | E10: =SUMIFS(RawData!E:E,RawData!C:C,D10)
A11: South | B11: =SUMIFS(RawData!E:E,RawData!B:B,A11)
A12: Grand Total | B12: =SUM(B8:B11)
